Construct Infanterie Kompanie
Selects Luftwaffe Battlegroup
Selects Luftwaffe Pioneer Support
Fallschirmpioneer Squad Paradrop
Fallschirmpioneer Squad Paradrop
Fallschirmpioneer Squad Paradrop
Construct Luftwaffe Kompanie
Selects Luftwaffe Combat Group
Fallschirmpioneer Squad Paradrop
Construct Panzer Kompanie
Fallschirmpioneer Squad Paradrop
Selects Stuka Strafing Run
Selects Fallschirmjäger Squad Paradrop
Fallschirmpioneer Squad Paradrop
Fallschirmpioneer Squad Paradrop
Fallschirmjäger Squad Paradrop
Fallschirmpioneer Squad Paradrop
Fallschirmpioneer Squad Paradrop
Fallschirmpioneer Squad Paradrop
Fallschirmjäger Squad Paradrop
Fallschirmpioneer Squad Paradrop
Fallschirmpioneer Squad Paradrop